 Dungeon Crawl Stone Soup version 0.25-a0-58-g9dd530fc12 (webtiles) character file.

Game seed: 527245357563643087, levelgen mode: deterministic

247168 MrRokkomies the Unseen (level 18, -9/90 HPs)
             Began as a Spriggan Assassin on Oct 26, 2019.
             Was the Champion of Okawaru.
             Mangled by a cyan ugly thing (17 damage)
             ... on level 1 of the Vaults on Oct 27, 2019.
             The game lasted 03:12:26 (50315 turns).

MrRokkomies the Unseen (Spriggan Assassin)         Turns: 50315, Time: 03:12:27

Health: -9/90      AC: 17    Str: 11    XL:     18   Next: 81%
Magic:  25/25      EV: 25    Int: 23    God:    Okawaru [******]
Gold:   1619       SH:  0    Dex: 22    Spells: 0/17 levels left

rFire    + + +     SeeInvis +   a - +10 lajatang of Makhleb's Supremacy {pain, rPois rC+ rN+}
rCold    + . .     Gourm    .   (shield currently unavailable)
rNeg     + + .     Faith    .   P - +8 fire dragon scales
rPois    +         Spirit   .   B - +1 hat "Fobodext" {Int+3}
rElec    .         Reflect  .   H - scarf {repulsion}
rCorr    .         Harm     .   (gloves unavailable)
MR       +++++                  (boots unavailable)
Stlth    ++++++....             V - macabre finger necklace {rN+}
HPRegen  0.25/turn              z - ring "Vucollad" {rF+ EV+3 Str+4 Dex+3}
MPRegen  0.19/turn              G - ring of protection from cold
                                h - ring of the Mage {Wiz MR++ Int+3}

@: repel missiles, very quick
A: very small, unfitting armour, see invisible, clumsy 1, herbivore, speed 3,
slow metabolism 2
}: 2/15 runes: decaying, gossamer
a: Heroism, Finesse, Renounce Religion


You were on level 1 of the Vaults.
You worshipped Okawaru.
Okawaru was exalted by your worship.
You were not hungry.

You visited 7 branches of the dungeon, and saw 33 of its levels.
You also visited: Bailey, Gauntlet and Volcano.

You collected 3200 gold pieces.
You spent 1581 gold pieces at shops.

Inventory:

Hand Weapons
 a - the +10 lajatang of Makhleb's Supremacy (weapon) {pain, rPois rC+ rN+}
   (You acquired it in a bailey)

   In the hands of one skilled in necromantic magic, it inflicts extra damage on
   living creatures.
   It protects you from cold.
   It protects you from poison.
   It protects you from negative energy.
 b - a +6 quick blade of freezing
 Q - the +7 short sword "Ercheoh" {drain, rElec}
   (You bought it in a shop on level 2 of the Orcish Mines)

   A truly terrible weapon, it drains the life of those it strikes.
   It insulates you from electricity.
Missiles
 e - 4 curare-tipped darts
 k - 18 atropa-tipped darts
 r - 2 datura-tipped darts
 s - 4 throwing nets
 C - 19 poisoned darts
 K - 26 boomerangs (quivered)
 L - 7 silver boomerangs
Armour
 B - the +1 hat "Fobodext" (worn) {Int+3}
   (Okawaru gifted it to you on level 11 of the Dungeon)

   It affects your intelligence (+3).
 H - a scarf of repulsion (worn)
 P - +8 fire dragon scales (worn)
Jewellery
 h - the ring of the Mage (on amulet) {Wiz MR++ Int+3}
   (You found it in a Gauntlet)

   [ring of wizardry]

   It improves your spell success rate.
   It affects your intelligence (+3).
   It affects your resistance to hostile enchantments.
 m - an uncursed ring of poison resistance
 y - the ring "Xuny" {Fire +Fly Str+3 Int-3}
   (You acquired it on level 1 of the Spider Nest)

   [ring of fire]

   It enhances your fire magic.
   It affects your strength (+3).
   It affects your intelligence (-3).
   It protects you from fire.
   It makes you vulnerable to cold.
   It lets you fly.
 z - the ring "Vucollad" (left hand) {rF+ EV+3 Str+4 Dex+3}
   (You found it on level 4 of the Lair of Beasts)

   [ring of evasion]

   It affects your evasion (+3).
   It affects your strength (+4).
   It affects your dexterity (+3).
   It protects you from fire.
 G - a ring of protection from cold (right hand)
 S - the ring "Xoorivvi" {Wiz MR- Int+2 Dex+2}
   (You acquired it on level 4 of the Swamp)

   [ring of wizardry]

   It improves your spell success rate.
   It affects your intelligence (+2).
   It affects your dexterity (+2).
   It affects your resistance to hostile enchantments.
 T - an uncursed ring of protection from fire
 V - the macabre finger necklace (around neck) {rN+}
   (You took it off a spriggan berserker on level 4 of the Swamp)

   [amulet of nothing]

   It protects you from negative energy.
Wands
 l - a wand of iceblast (13)
 v - a wand of paralysis (14)
 w - a wand of clouds (8)
 E - a wand of disintegration (54)
 J - a wand of digging (14)
 X - a wand of scattershot (11)
Scrolls
 c - 4 scrolls of fear
 i - a scroll of summoning
 o - 17 scrolls of remove curse
 q - 7 scrolls of fog
 t - 12 scrolls of teleportation
 D - a scroll of holy word
 I - a scroll of immolation
 M - 2 scrolls of blinking
 N - a scroll of identify
Potions
 d - 4 potions of lignification
 g - 5 potions of heal wounds
 j - 10 potions of curing
 n - 4 potions of haste
 p - 6 potions of flight
 u - a potion of magic
 x - 3 potions of resistance
 A - a potion of brilliance
 F - 7 potions of agility
 O - 4 potions of berserk rage
 R - 2 potions of cancellation
 U - 6 potions of might
 W - 4 potions of ambrosia
 Z - a potion of invisibility
Miscellaneous
 Y - a fan of gales
Comestibles
 f - 25 rations


   Skills:
 - Level 8.2 Fighting
 - Level 10.0 Short Blades
 * Level 11.0 Staves
 - Level 14.1 Throwing
 - Level 13.1 Dodging
 - Level 20.0 Stealth
   Level 5.0 Shields
 - Level 5.4 Hexes
 - Level 10.0 Necromancy
 - Level 6.0 Translocations
 - Level 6.0 Air Magic
 * Level 6.7 Earth Magic
 - Level 8.0 Invocations


You couldn't memorise any spells.
You knew the following spells:

 Your Spells              Type           Power        Failure   Level  Hunger
a - Confusing Touch       Hex            ###...       6%          1    ##.....
b - Airstrike             Air            ####......   43%         4    #####..
c - Summon Ice Beast      Ice/Summ       #.......     99%         4    #####..
d - Animate Skeleton      Necr           N/A          1%          1    ##.....
e - Borgnjor's Vile Clut  Necr/Erth      #####.....   45%         5    ######.
f - Blink                 Tloc           N/A          8%          2    ###....

Your spell library contained the following spells:

 Spells                   Type           Power        Failure   Level  Hunger
 Sandblast                Erth           ####..       3%          1    ##.....
 Apportation              Tloc           ####..       4%          1    ##.....
 Corona                   Hex            ###....      6%          1    ##.....
 Shock                    Conj/Air       ##..         16%         1    ##.....
 Gell's Gravitas          Tloc           ####......   16%         3    ####...
 Lesser Beckoning         Tloc           ####......   16%         3    ####...
 Teleport Other           Tloc           ####....     16%         3    ####...
 Confuse                  Hex            ###.....     19%         3    ####...
 Tukima's Dance           Hex            ###.....     19%         3    ####...
 Passwall                 Tmut/Erth      ###.....     22%         2    ###....
 Poisonous Vapours        Pois/Air       ##....       26%         2    ###....
 Shroud of Golubria       Chrm/Tloc      ##....       26%         2    ###....
 Swiftness                Chrm/Air       ##......     26%         2    ###....
 Ensorcelled Hibernation  Hex/Ice        ##....       28%         2    ###....
 Stone Arrow              Conj/Erth      ###...       38%         3    ####...
 Recall                   Summ/Tloc      N/A          43%         3    ####...
 Static Discharge         Conj/Air       ##......     43%         3    ####...
 Passage of Golubria      Tloc           N/A          43%         4    #####..
 Flame Tongue             Conj/Fire      #....        47%         1    ##.....
 Freeze                   Ice            #...         47%         1    ##.....
 Summon Small Mammal      Summ           #...         47%         1    ##.....
 Dazzling Spray           Conj/Hex       ##....       47%         3    ####...
 Inner Flame              Hex/Fire       ##......     47%         3    ####...
 Mephitic Cloud           Conj/Pois/Air  #.......     56%         3    ####...
 Call Imp                 Summ           #.......     61%         2    ###....
 Throw Flame              Conj/Fire      #.....       61%         2    ###....
 Throw Frost              Conj/Ice       #.....       61%         2    ###....
 Lee's Rapid Deconstruct  Erth           ####......   65%         5    ######.
 Petrify                  Tmut/Erth      ###.....     78%         4    #####..
 Silence                  Hex/Air        ####......   80%         5    ######.
 Call Canine Familiar     Summ           #.......     83%         3    ####...
 Conjure Flame            Conj/Fire      #.......     83%         3    ####...
 Ignite Poison            Fire/Tmut/Pois #.......     83%         3    ####...
 Ozocubu's Armour         Chrm/Ice       #.......     83%         3    ####...
 Lightning Bolt           Conj/Air       ##........   98%         5    ######.
 Summon Forest            Summ/Tloc      ##........   98%         5    ######.
 Sticky Flame             Conj/Fire      #.......     99%         4    #####..
 Throw Icicle             Conj/Ice       #.......     99%         4    #####..
 Summon Mana Viper        Hex/Summ       ##......     99%         5    ######.
 Aura of Abjuration       Summ           #.........   100%        5    ######.
 Fireball                 Conj/Fire      #.........   100%        5    ######.
 Summon Demon             Summ           #.........   100%        5    ######.
 Bolt of Fire             Conj/Fire      #.........   100%        6    #######
 Darkness                 Hex            ###.......   100%        6    #######
 Freezing Cloud           Conj/Ice/Air   #.........   100%        6    #######
 Invisibility             Hex            ###.....     100%        6    #######
 Shadow Creatures         Summ           N/A          100%        6    #######
 Malign Gateway           Summ/Tloc      ##........   100%        7    #######
 Ring of Flames           Chrm/Fire      #.........   100%        7    #######
 Controlled Blink         Tloc           N/A          100%        8    #######
 Ignition                 Fire           #.........   100%        8    #######


Dungeon Overview and Level Annotations

Branches:
Dungeon (15/15)            Temple (1/1) D:6            Lair (6/6) D:8
  Swamp (4/4) Lair:4       Spider (4/4) Lair:2        Slime (0/5) Lair:5
    Orc (2/2) D:9             Elf (0/3) Orc:2        Vaults (1/5) D:14
 Depths (0/5) D:15         Bailey (visited)         Volcano (visited)
Gauntlet (visited)

Altars:
Ashenzari
Cheibriados
Dithmenos
Elyvilon
Fedhas
Gozag
Hepliaklqana
Kikubaaqudgha
Makhleb
Nemelex Xobeh
Okawaru
Qazlal
Ru
Sif Muna
Trog
Uskayaw
Vehumet
Wu Jian
Xom
Yredelemnul
Zin
The Shining One
Beogh

Shops:
D:4 *   Orc:2 *}(:

Annotations:
D:5 1 runed translucent door, MirrMurr's ghost, novice GrFi
Lair:1 exclusion: oklob plant
Swamp:2 Roxanne
Spider:2 exclusion: ice statue


Innate Abilities, Weirdness & Mutations

You are very small and have problems with some larger weapons.
You are too small for most types of armour.
You have supernaturally acute eyesight. (SInv)
You are a herbivore.
You cover ground extremely quickly.
You need to consume almost no food.
You are clumsy. (Dex -2)


Message History

The boomerang barely misses the cyan ugly thing.
Throwing (i - inventory. (/) - cycle)
K - 26 boomerangs (quivered)
Press: ? - help, Shift-Dir - straight line, f/p - cyan ugly thing
Aim: a cyan ugly thing (heavily wounded)
You throw a boomerang. The boomerang hits the cyan ugly thing!
The cyan ugly thing is severely wounded.
You closely miss the cyan ugly thing.
The cyan ugly thing is severely wounded.
The cyan ugly thing completely misses you.
You hit the cyan ugly thing but do no damage.
The cyan ugly thing writhes in agony.
The cyan ugly thing is severely wounded.
The cyan ugly thing stings you! The cyan ugly thing shocks you!
* * * LOW HITPOINT WARNING * * *
You barely miss the cyan ugly thing.
The cyan ugly thing is severely wounded.
The cyan ugly thing stings you!
* * * LOW HITPOINT WARNING * * *
The cyan ugly thing shocks you!
You die...

#############
#...........#
#.....#.....#
+.....#.....+
#...#####...#
#...# #\@.#
#.### ###u#
#...# #...#
#...#####...#
#.....#.....#
#.....#...u.#
#...........#
.
#########u###
.. #........#
...


You could see a cyan ugly thing.

Vanquished Creatures
  Jorgrun (Swamp:1)
  Rupert (D:15)
  A thorn hunter (Swamp:1)
  A fire giant (D:15)
  2 orc warlords
  2 ghost moths (Spider:4)
  8 emperor scorpions
  Aizul (Swamp:2)
  Louise (Swamp:3)
  5 entropy weavers
  Nessos (D:14)
  A minotaur (Gauntlet)
  An ettin (Orc:2)
  Josephine (D:13)
  2 fire dragons (Lair:6)
  An ogre mage (D:15)
  An ice dragon (Vaults:1)
  16 hydras
  Erolcha (D:9)
  A vault guard (D:14)
  5 shambling mangroves
  4 ghost crabs
  A catoblepas (Lair:4)
  8 two-headed ogres
  Erica (Lair:1)
  2 centaur warriors
  4 alligators
  A tengu warrior (D:13)
  A queen ant (Spider:1)
  Urug (Lair:2)
  A spriggan berserker (Swamp:4)
  5 orc high priests
  3 unseen horrors
  2 spriggan druids
  10 swamp dragons
  A ghost moth zombie (Spider:1)
  A lindwurm (Lair:6)
  5 wizards (Volcano)
  Pikel (D:7)
  25 orb spiders
  28 wolf spiders
  A manticore (D:11)
  A wolf spider zombie (Spider:1)
  10 ugly things
  4 deep elf magi
  9 orc knights
  7 orc sorcerers
  4 cyclopes
  5 oklob plants
  12 elephants
  3 moths of wrath
  5 toenail golems (Volcano)
  2 centaur zombies
  16 spiny frogs
  6 torpor snails
  4 black mambas
  2 gargoyles
  3 komodo dragons
  2 rime drakes (Lair:6)
  An efreet (D:14)
  14 demonic crawlers
  A rime drake (shapeshifter) (D:15)
  2 centaur skeletons
  4 redback zombies
  32 jumping spiders
  4 trolls
  6 meliai
  21 hornets
  2 polar bears (D:12)
  12 tyrant leeches
  6 dream sheep (Lair:6)
  A jumping spider zombie (Spider:1)
  2 meliai zombies
  15 slime creatures
  7 bog bodies
  6 hippogriffs
  5 spriggans
  A shadow (Swamp:1)
  6 wraiths
  38 yaks
  78 redbacks
  4 wyverns
  2 vampires
  23 tarantellas
  A chaos spawn (Gauntlet)
  A neqoxec (Gauntlet)
  2 hungry ghosts
  7 basilisks
  2 steam dragons (Lair:6)
  23 vampire mosquitoes
  18 swamp worms
  8 wargs
  11 insubstantial wisps (Swamp:3)
  18 soldier ants
  2 acid dragons
  12 water moccasins
  4 small abominations (Spider:1)
  Duvessa (D:5)
  51 orc warriors
  2 ice beasts
  3 sky beasts
  9 porcupines
  2 eyes of draining
  17 swamp drakes
  3 black bears
  3 boggarts (D:14)
  A necrophage (D:12)
  15 wolves
  A phantom (D:9)
  20 ogres
  2 torpor snail zombies (Spider:1)
  13 crocodiles
  5 centaurs
  2 big kobolds (D:11)
  A wyvern zombie (D:10)
  12 bullfrogs
  Dowan (D:5)
  A wyvern skeleton (D:8)
  18 scorpions
  7 wights
  3 electric eels
  4 crimson imps
  A howler monkey (D:11)
  12 hounds
  A quasit (D:11)
  2 bullfrog zombies
  3 jellies
  A bullfrog skeleton (D:10)
  32 orc priests
  7 iguanas
  Natasha (thrice) (D:2)
  30 orc wizards
  35 worker ants
  A killer bee zombie (D:5)
  2 hound zombies
  3 hound skeletons
  A mummy (D:6)
  2 howler monkey zombies
  A worker ant zombie (D:6)
  16 adders
  12 gnolls
  2 shadow imps
  3 oozes
  3 worms
  A dart slug (D:5)
  6 leopard geckos
  146 orcs
  A ball python (D:8)
  5 giant cockroaches
  15 goblins
  10 hobgoblins
  8 jackals
  A quokka (D:11)
  8 bats
  3 frilled lizards
  17 kobolds
  A leopard gecko skeleton (D:8)
  A quokka skeleton (D:8)
  A quokka zombie (D:5)
  11 rats
  A spectral orc (D:3)
  9 crawling corpses (Spider:1)
  2 plants (Lair:6)
1274 creatures vanquished.

Vanquished Creatures (others)
  2 jumping spiders
  3 yaks (D:10)
  A vampire mosquito (D:15)
  A swamp drake (Swamp:1)
  A goblin (D:3)
  2 fungi
  13 plants
23 creatures vanquished.

Grand Total: 1297 creatures vanquished

Notes
Turn   | Place    | Note
-------+----------+-------------------------------------------
     0 | D:1      | MrRokkomies the Spriggan Assassin began the quest for the
                  | Orb.
     0 | D:1      | Reached XP level 1. HP: 10/10 MP: 2/2
   124 | D:1      | Reached skill level 6 in Stealth
   162 | D:1      | Reached XP level 2. HP: 14/14 MP: 3/3
   856 | D:2      | Noticed Natasha
   858 | D:2      | Found a radiant altar of Vehumet.
   861 | D:2      | Reached XP level 3. HP: 17/18 MP: 4/4
   864 | D:2      | Killed Natasha
   917 | D:2      | Reached XP level 4. HP: 22/22 MP: 5/5
   987 | D:2      | Noticed Natasha
  1313 | D:2      | Killed Natasha
  1592 | D:2      | Noticed Natasha
  1611 | D:2      | Killed Natasha
  1611 | D:2      | Reached XP level 5. HP: 19/25 MP: 6/6
  2358 | D:3      | Reached skill level 7 in Stealth
  2780 | D:3      | Found a basalt altar of Yredelemnul.
  3489 | D:4      | Reached XP level 6. HP: 21/30 MP: 7/7
  3836 | D:4      | Reached skill level 5 in Short Blades
  4150 | D:4      | Found a shimmering blue altar of Sif Muna.
  4835 | D:4      | Found Lyerunu's General Store.
  4839 | D:4      | Bought a scroll of teleportation for 39 gold pieces
  4839 | D:4      | Bought 4 atropa-tipped darts for 31 gold pieces
  5001 | D:4      | Found a blossoming altar of Fedhas.
  5185 | D:5      | Entered Level 5 of the Dungeon
  5251 | D:5      | Found a runed translucent door.
  5254 | D:5      | Noticed Duvessa
  5255 | D:5      | Noticed MirrMurr's ghost (novice GrFi)
  5257 | D:5      | Noticed Dowan
  5278 | D:5      | Reached skill level 5 in Throwing
  5278 | D:5      | Reached XP level 7. HP: 23/33 MP: 8/8
  5286 | D:5      | Killed Duvessa
  5286 | D:5      | Reached skill level 8 in Stealth
  5287 | D:5      | Killed Dowan
  5477 | D:5      | HP: 1/33 [poisoned by a worker ant]
  6034 | D:5      | Found a shimmering blue altar of Sif Muna.
  6176 | D:6      | Found a staircase to the Ecumenical Temple.
  6190 | Temple   | Entered the Ecumenical Temple
  6242 | Temple   | Became a worshipper of Warmaster Okawaru
  6510 | D:6      | Reached XP level 8. HP: 37/37 MP: 9/9
  6601 | D:6      | Found a snail-covered altar of Cheibriados.
  6996 | D:6      | Found a sacrificial altar of Ru.
  7158 | D:6      | Reached skill level 9 in Stealth
  7409 | D:7      | Noticed Pikel
  7411 | D:7      | Killed Pikel
  7411 | D:7      | Reached * piety under Okawaru
  7683 | D:7      | Identified a scroll of acquirement
  7696 | D:7      | Found an ancient bone altar of Kikubaaqudgha.
  7702 | D:7      | Found a sacrificial altar of Ru.
  7705 | D:7      | Found a hazy altar of Hepliaklqana.
  8164 | D:7      | Reached ** piety under Okawaru
  8406 | D:8      | Reached skill level 10 in Stealth
  8406 | D:8      | Reached XP level 9. HP: 41/41 MP: 10/10
  8750 | D:8      | Found a staircase to the Lair.
  9381 | D:8      | Reached skill level 11 in Stealth
  9640 | D:8      | Reached *** piety under Okawaru
  9720 | D:8      | Reached skill level 10 in Short Blades
  9738 | D:8      | Received a gift from Okawaru
 10008 | D:8      | Found a shattered altar of Ashenzari.
 10017 | D:8      | Reached XP level 10. HP: 46/46 MP: 11/11
 10309 | D:8      | Reached skill level 10 in Throwing
 10981 | D:9      | Reached skill level 12 in Stealth
 11351 | D:9      | Found a staircase to the Orcish Mines.
 11368 | D:9      | Reached **** piety under Okawaru
 11625 | D:9      | Noticed Erolcha
 11632 | D:9      | Killed Erolcha
 11632 | D:9      | Received a gift from Okawaru
 11751 | Orc:1    | Entered Level 1 of the Orcish Mines
 11754 | Orc:1    | Reached skill level 13 in Stealth
 12708 | Lair:1   | Entered Level 1 of the Lair of Beasts
 12718 | Lair:1   | Noticed a spiny frog
 12751 | D:8      | Killed a spiny frog
 12798 | D:8      | Reached XP level 11. HP: 22/49 MP: 6/12
 13358 | Lair:1   | Reached ***** piety under Okawaru
 13409 | Lair:1   | Noticed Erica
 13431 | Lair:1   | Killed Erica
 13431 | Lair:1   | Received a gift from Okawaru
 13936 | Lair:1   | Received a gift from Okawaru
 14094 | Lair:1   | Found a sparkling altar of Nemelex Xobeh.
 14094 | Lair:1   | Noticed an oklob plant
 14222 | Lair:1   | Reached skill level 14 in Stealth
 14619 | Lair:2   | Reached skill level 5 in Dodging
 14676 | Lair:2   | Found a dark tunnel.
 14679 | Volcano  | Entered a volcano
 14687 | Volcano  | Noticed a wizard
 14689 | Volcano  | Killed a wizard
 14711 | Volcano  | Noticed a wizard
 14713 | Volcano  | Killed a wizard
 14713 | Volcano  | Received a gift from Okawaru
 14729 | Volcano  | Noticed a wizard
 14759 | Volcano  | Noticed a wizard
 14760 | Volcano  | Killed a wizard
 14760 | Volcano  | Received a gift from Okawaru
 14790 | Volcano  | Killed a wizard
 14856 | Volcano  | Noticed a wizard
 14881 | Volcano  | Killed a wizard
 14881 | Volcano  | Received a gift from Okawaru
 14887 | Volcano  | Got a crystal dagger {god gift}
 14888 | Volcano  | Identified the +7 dagger of Ebliacoj {freeze, rElec rPois
                  | Stlth-} (Okawaru gifted it to you in a volcano)
 15004 | Volcano  | Noticed a +2 mace of flaming
 15007 | Volcano  | Reached skill level 5 in Fighting
 15566 | Lair:2   | Reached XP level 12. HP: 60/60 MP: 13/13
 15830 | Lair:2   | Found a hole to the Spider Nest.
 15882 | Lair:2   | Reached skill level 15 in Stealth
 16173 | Lair:2   | Noticed Urug
 16184 | Lair:2   | Killed Urug
 16184 | Lair:2   | Reached ****** piety under Okawaru
 16184 | Lair:2   | Received a gift from Okawaru
 16412 | Lair:3   | Noticed a five-headed hydra
 16426 | Lair:3   | Killed a five-headed hydra
 16474 | Lair:3   | Reached skill level 10 in Dodging
 17257 | Lair:4   | Found a staircase to the Swamp.
 17756 | Lair:4   | Noticed a catoblepas
 17778 | Lair:4   | Killed a catoblepas
 18370 | Lair:4   | Reached skill level 16 in Stealth
 18398 | Lair:4   | Got a scintillating lead ring
 18404 | Lair:4   | Identified the Disquisition on Supportive Combat Magic
 18407 | Lair:4   | Identified the ring "Vucollad" {rF+ EV+3 Str+4 Dex+3} (You
                  | found it on level 4 of the Lair of Beasts)
 18569 | Lair:5   | Found a staircase to the Slime Pits.
 18576 | Lair:5   | Received a gift from Okawaru
 18716 | Lair:5   | Reached XP level 13. HP: 65/68 MP: 14/14
 19348 | Lair:6   | Entered Level 6 of the Lair of Beasts
 19511 | Lair:6   | Reached skill level 1 in Invocations
 20120 | Lair:6   | Noticed a fire dragon
 20402 | Lair:6   | Killed a fire dragon
 20969 | Lair:6   | Reached skill level 17 in Stealth
 21314 | Lair:6   | Received a gift from Okawaru
 21323 | Lair:6   | Found a runed translucent door.
 21337 | Lair:6   | Noticed a fire dragon
 21345 | Lair:6   | Killed a fire dragon
 21402 | Lair:6   | Reached skill level 5 in Invocations
 21420 | Lair:6   | Received a gift from Okawaru
 21486 | Lair:6   | Received a gift from Okawaru
 22344 | Orc:2    | Entered Level 2 of the Orcish Mines
 22772 | Orc:2    | Reached XP level 14. HP: 71/73 MP: 19/19
 22812 | Orc:2    | Noticed an orc warlord
 22836 | Orc:2    | Killed an orc warlord
 23064 | Orc:2    | Found a roughly hewn altar of Beogh.
 23107 | Orc:2    | Found Meras's Gadget Shoppe.
 23564 | Orc:2    | Received a gift from Okawaru
 23772 | Orc:2    | Found Nyomm's Assorted Antiques.
 23812 | Orc:2    | Bought a bubbling yellow potion for 17 gold pieces
 23812 | Orc:2    | Bought a scroll of enchant armour for 142 gold pieces
 24543 | Orc:2    | Found a roughly hewn altar of Beogh.
 24657 | Orc:2    | Found Pihuhaos's Book Boutique.
 24681 | Orc:2    | Found Zosoog Baug's Antique Weapon Shop.
 24687 | Orc:2    | Bought a twisted short sword for 232 gold pieces
 24687 | Orc:2    | Identified the +7 short sword "Ercheoh" {drain, rElec} (You
                  | bought it in a shop on level 2 of the Orcish Mines)
 24730 | Orc:2    | Reached skill level 18 in Stealth
 24917 | Orc:2    | Paralysed by an orc sorcerer for 7 turns
 25023 | Orc:2    | Found a staircase to the Elven Halls.
 25200 | Orc:2    | Learned a level 1 spell: Confusing Touch
 25224 | Orc:2    | Bought a book of Air for 560 gold pieces
 25229 | Orc:2    | Learned a level 4 spell: Airstrike
 25229 | Orc:2    | Bought a book of Frost for 560 gold pieces
 25234 | Orc:2    | Learned a level 4 spell: Summon Ice Beast
 25300 | D:10     | Entered Level 10 of the Dungeon
 25762 | D:10     | Reached skill level 1 in Shields
 25782 | D:10     | Reached skill level 1 in Air Magic
 26150 | D:11     | Found a gate leading to a gauntlet.
 26167 | Gauntlet | Entered a Gauntlet
 26167 | Gauntlet | Found a transporter.
 26177 | Gauntlet | Found a transporter.
 26185 | Gauntlet | Found a transporter.
 26187 | Gauntlet | Found a transporter.
 26196 | Gauntlet | Found a transporter.
 26212 | Gauntlet | Found a transporter.
 26215 | Gauntlet | Noticed an entropy weaver
 26219 | Gauntlet | Noticed an entropy weaver
 26222 | Gauntlet | Found a transporter.
 26224 | Gauntlet | Found the ring of the Mage {Wiz MR++ Int+3}
 26233 | Gauntlet | Found a transporter.
 26238 | Gauntlet | Found a transporter.
 26255 | Gauntlet | Found a transporter.
 26264 | Gauntlet | Found a runed translucent door.
 26266 | Gauntlet | Found a transporter.
 26266 | Gauntlet | Found a transporter.
 26267 | Gauntlet | Found a runed translucent door.
 26318 | Gauntlet | Found a transporter.
 26330 | Gauntlet | Found a transporter.
 26504 | Gauntlet | Gained mutation: You are clumsy. (Dex -2) [a neqoxec]
 26688 | Gauntlet | Received a gift from Okawaru
 26712 | Gauntlet | Identified the Guide on the Voyage
 27059 | D:11     | Received a gift from Okawaru
 27068 | D:11     | Got a fine hat {god gift}
 27074 | D:11     | Identified the +1 hat "Fobodext" {Int+3} (Okawaru gifted it
                  | to you on level 11 of the Dungeon)
 28519 | D:12     | Found a bloodstained altar of Trog.
 28846 | D:13     | Noticed Josephine
 28897 | D:13     | Killed Josephine
 28898 | D:13     | Reached XP level 15. HP: 77/77 MP: 22/22
 28956 | D:13     | Found a flagged portal.
 28977 | Bailey   | Entered a bailey
 29190 | Bailey   | Reached skill level 5 in Air Magic
 29190 | Bailey   | Reached XP level 16. HP: 64/81 MP: 21/23
 29198 | Bailey   | Reached skill level 19 in Stealth
 29322 | Bailey   | Reached skill level 5 in Shields
 29381 | Bailey   | Got a faintly glowing lajatang
 29382 | Bailey   | Identified the +10 lajatang of Makhleb's Supremacy {pain,
                  | rPois rC+ rN+} (You acquired it in a bailey)
 29392 | Bailey   | Learned a level 1 spell: Animate Skeleton
 29802 | D:13     | Reached skill level 1 in Necromancy
 29849 | D:13     | Reached skill level 1 in Staves
 30223 | D:14     | Noticed Nessos
 30224 | D:14     | Killed Nessos
 30377 | D:14     | Found a shattered altar of Ashenzari.
 30388 | D:14     | Received a gift from Okawaru
 30398 | D:14     | Got a dull robe {god gift}
 30409 | D:14     | Identified the +1 robe of Okawaru's Pride {rF+ Int+2 Dex+2}
                  | (Okawaru gifted it to you on level 14 of the Dungeon)
 31694 | D:14     | Found a gate to the Vaults.
 31773 | D:15     | Entered Level 15 of the Dungeon
 31773 | D:15     | Noticed Rupert
 31788 | D:15     | Killed Rupert
 31900 | D:15     | Found a staircase to the Depths.
 32136 | D:15     | Reached skill level 5 in Necromancy
 32178 | D:15     | Found a runed translucent door.
 32398 | D:15     | Found an opulent altar of Gozag.
 33166 | D:15     | Found a roughly hewn altar of Beogh.
 33445 | Swamp:1  | Entered Level 1 of the Swamp
 33477 | Swamp:1  | Noticed Jorgrun
 33498 | Swamp:1  | Killed Jorgrun
 33529 | Swamp:1  | Reached skill level 5 in Staves
 35006 | Swamp:1  | Noticed a thorn hunter
 35044 | Swamp:1  | Killed a thorn hunter
 35044 | Swamp:1  | Received a gift from Okawaru
 35044 | Swamp:1  | Reached skill level 20 in Stealth
 35545 | Swamp:2  | Noticed Aizul
 35552 | Swamp:2  | Killed Aizul
 35812 | Swamp:2  | Learned a level 5 spell: Borgnjor's Vile Clutch
 35878 | Swamp:2  | Received a gift from Okawaru
 35910 | Swamp:2  | Identified the -2 hat of Amorality {Regen+ Int+7 Dex-2}
                  | (Okawaru gifted it to you on level 2 of the Swamp)
 36027 | Swamp:2  | Identified Roxanne's Incunabulum of Clay
 36027 | Swamp:2  | Noticed Roxanne
 36197 | Swamp:2  | Reached XP level 17. HP: 72/85 MP: 21/24
 36268 | Swamp:2  | You fall into a shaft and drop 1 floor!
 37179 | Swamp:3  | Noticed Louise
 37558 | Swamp:3  | Killed Louise
 38250 | Swamp:4  | Entered Level 4 of the Swamp
 38324 | Swamp:4  | Got a bound silver ring
 38325 | Swamp:4  | Identified the ring "Xoorivvi" {Wiz MR- Int+2 Dex+2} (You
                  | acquired it on level 4 of the Swamp)
 40412 | Swamp:4  | Received a gift from Okawaru
 40742 | Swamp:4  | Got a decaying rune of Zot
 40951 | Spider:1 | Entered Level 1 of the Spider Nest
 41629 | Spider:1 | Reached skill level 1 in Hexes
 41816 | Spider:1 | Received a gift from Okawaru
 42036 | Spider:1 | Reached skill level 10 in Necromancy
 43283 | Spider:1 | Received a gift from Okawaru
 43628 | Spider:1 | Received a gift from Okawaru
 44315 | Spider:1 | Received a gift from Okawaru
 44492 | Spider:1 | Reached skill level 5 in Hexes
 44583 | Spider:1 | Reached XP level 18. HP: 37/90 MP: 11/25
 45016 | Spider:1 | Reached skill level 1 in Earth Magic
 45247 | Spider:1 | Identified Sif Muna's Catalogue of Dislocation
 45252 | Spider:1 | Learned a level 2 spell: Blink
 45319 | Spider:1 | Got a translucent granite ring
 45320 | Spider:1 | Identified the ring "Xuny" {Fire +Fly Str+3 Int-3} (You
                  | acquired it on level 1 of the Spider Nest)
 45631 | Spider:1 | Reached skill level 1 in Translocations
 46616 | Spider:2 | Reached skill level 10 in Staves
 47188 | Spider:2 | Found the +0 sword of Power
 47818 | Spider:4 | Entered Level 4 of the Spider Nest
 48678 | Spider:4 | Reached skill level 5 in Translocations
 48836 | Spider:4 | Reached skill level 5 in Earth Magic
 48880 | Spider:4 | Received a gift from Okawaru
 49640 | Spider:4 | Received a gift from Okawaru
 49734 | Spider:4 | Got a gossamer rune of Zot
 50199 | Vaults:1 | Entered Level 1 of the Vaults
 50315 | Vaults:1 | Mangled by a cyan ugly thing

Levels and vault maps discovered:
D:1:      zaba_arrival_water, layout_basic, minmay_split_cup_large
D:2:      kennysheep_big_flooded_room, layout_basic,
          nicolae_overflow_crystal_walls, first_ration, uniq_natasha
D:3:      layout_loops_corners, yredelemnul_forgotten_temple_becter,
          minmay_goblin_kobold_house
D:4:      minmay_evil_eye, layout_basic, fedhas_altar_3,
          overflow_temple_1_default, serial_shops, shop
D:5:      layout_loops_ring, ebering_ghost_sewer_d, lemuel_blue_sif_altar,
          uniq_duvessa
D:6:      layout_basic, slow_altar_1, minmay_temple_entry_butterflies,
          nicolae_ru_path_of_blood
D:7:      layout_loops_corners, grunt_temple_overflow_diamond, uniq_pikel
D:8:      layout_basic, kennysheep_mini_moat, minmay_lair_entry_grove,
          hangedman_pestilent_swarm
D:9:      layout_stronghold, orc_0_dummy, uniq_erolcha
D:10:     layout_basic, lemuel_flame_loot_1
D:11:     layout_long_grid, gauntlet_entry_generic, st_stairs_7
D:12:     layout_cave_pools, trog_ov_bears_minmay
D:13:     layout_cave_pools, enter_bailey_3, uniq_josephine
D:14:     layout_small_grid, david_vaults_5, ashenzari_altar_1, uniq_nessos
D:15:     grunt_enter_depths_giant_problem, layout_loops_ring,
          nicolae_gozag_seed_capital, lightli_church_of_beogh, uniq_rupert
Temple:   cyrus_circular_temple
Lair:1:   layout_hall_layers, minivault_11, st_stairs_7,
          chequers_serial_rivers_micro_a, lemuel_oklob_altar, uniq_erica
Lair:2:   layout_regular_city, spider_nest_entry_web_field,
          nicolae_volcano_entry_lava_flow, uniq_urug
Lair:3:   layout_loops_ring
Lair:4:   layout_gridlike, minmay_swamp_entry_reptiles, grunt_megastairs_2,
          minmay_lair_oklob_chamber
Lair:5:   layout_loops_ring, minmay_slime_entry_oklob_open, grunt_megastairs_4
Lair:6:   guppyfry_lair_end_dragon, layout_hall_layers, wormcave,
          lemuel_fruit_fields
Swamp:1:  layout_basic_swamp, evilmike_swamp_ruin_house_4, swamp_pool1,
          nicolae_swamp_trees_clearing, uniq_jorgrun
Swamp:2:  layout_basic_swamp, evilmike_swamp_ruin_rubble_2, uniq_aizul,
          uniq_roxanne
Swamp:3:  layout_basic_swamp, serial_swamp_ruin, evilmike_swamp_ruin_rubble_1,
          evilmike_swamp_ruin_house_1, uniq_louise
Swamp:4:  swamp_basic_johnstein, layout_basic_swamp
Spider:1: hangedman_creepy_crawlies, minmay_another_anthill
Spider:2: layout_spider_delve, portal_ice_cave_entry_ice_statue_two,
          guppyfry_spider_mini_1
Spider:3: layout_spider_delve
Spider:4: grunt_spider_rune_circles
Orc:1:    layout_caves, guppyfry_library_mini
Orc:2:    pubby_orc_utopia
Vaults:1: nicolae_vaults_know_your_exits, hangedman_vaults_slither,
          grunt_vaults_hallway_short, vaults_room_fours, v_misc_24,
          nicolae_vaults_back_hallway, nicolae_vaults_stairing_the_circle,
          ontoclasm_vaults_ring_square, ontoclasm_vaults_bender,
          vaults_room_stairs_pillars, layout_vaults_omnibox, serial_shops, shop

Skill      XL: |  1  2  3  4  5  6  7  8  9 10 11 12 13 14 15 16 17 18 |
---------------+-------------------------------------------------------+-----
Stealth        | 6 7 8 10 11 13 14 16 17 18 20 | 20.0
Short Blades   | 3 4 5 6 8 10 | 10.0
Throwing       | 3 4 5 6 7 9 11 12 13 14 | 14.1
Fighting       | 5 7 8 |  8.2
Dodging        | 8 12 13 | 13.1
Invocations    | 6 8 |  8.0
Shields        | 3 4 5 |  5.0
Air Magic      | 4 5 6 |  6.0
Necromancy     | 7 10 | 10.0
Staves         | 6 9 11 | 11.0
Hexes          | 5 |  5.4
Earth Magic    | 6 |  6.7
Translocations | 6 |  6.0

Action                   |  1- 3 |  4- 6 |  7- 9 | 10-12 | 13-15 | 16-18 || total
-------------------------+-------+-------+-------+-------+-------+-------++-------
Melee: Dagger            |    77 |   319 |   332 |   321 |   772 |   314 ||  2135
       Quick blade       |       |       |       |   378 |       |  1384 ||  1762
       Short sword       |       |       |       |       |   659 |   305 ||   964
       Lajatang          |       |       |       |       |       |   648 ||   648
Throw: Dart              |       |    41 |    93 |    66 |   114 |   519 ||   833
       Boomerang         |       |       |    16 |   131 |   294 |   275 ||   716
       Throwing net      |       |       |       |       |       |     2 ||     2
 Cast: Blink             |       |       |       |       |       |     1 ||     1
Evoke: Wand              |       |       |       |     9 |       |       ||     9
  Use: Scroll            |     6 |     7 |     5 |     9 |    11 |    28 ||    66
       Potion            |       |     2 |     2 |     1 |     2 |    13 ||    20
 Stab: Sleeping          |    14 |    18 |    22 |    55 |    48 |    55 ||   212
       Distracted        |       |     1 |     1 |     1 |     3 |     9 ||    15
       Invisible         |       |     2 |     8 |    32 |    41 |    96 ||   179
       Confused          |       |       |       |     3 |     1 |       ||     4
       Held in net/web   |       |       |       |       |       |     5 ||     5
  Eat: Ration            |       |     1 |     2 |     6 |     6 |    13 ||    28
Armor: Robe              |    12 |    28 |    39 |    20 |     4 |       ||   103
       Fire dragon scale |       |       |       |       |    67 |   438 ||   505
       Quicksilver drago |       |       |       |       |    37 |    74 ||   111
Dodge: Dodged            |    46 |   229 |   139 |   289 |   893 |  2642 ||  4238
       Deflected         |       |       |     3 |     7 |     6 |    17 ||    33
Block: Buckler           |       |       |       |       |   313 |     1 ||   314

Table legend:
 A = Non-vault XP
 B = Vault XP
 C = Vault XP percentage of total XP
 D = Non-vault monster count
 E = Vault monster count
 F = Vault count percentage of total count
                 A         B        C        D         E       F
            +---------+---------+-------+---------+---------+-------
      Total |  166767 |  142957 |  46.2 |     745 |     523 |  41.2
            +---------+---------+-------+---------+---------+-------
        D:1 |      34 |       4 |  10.5 |      19 |       4 |  17.4
        D:2 |     173 |      40 |  18.8 |      27 |       3 |  10.0
        D:3 |      94 |      11 |  10.5 |      23 |       6 |  20.7
        D:4 |     311 |      15 |   4.6 |      15 |       2 |  11.8
        D:5 |     375 |     223 |  37.3 |      13 |       2 |  13.3
        D:6 |     394 |      18 |   4.4 |      18 |       1 |   5.3
        D:7 |     436 |     651 |  59.9 |      11 |       1 |   8.3
        D:8 |    2560 |    2640 |  50.8 |      40 |      16 |  28.6
        D:9 |    1730 |    1007 |  36.8 |      24 |       1 |   4.0
       D:10 |    2167 |       0 |   0.0 |      24 |       0 |   0.0
       D:11 |    5304 |     178 |   3.2 |      38 |       2 |   5.0
       D:12 |    7011 |     576 |   7.6 |      42 |       2 |   4.5
       D:13 |    7972 |    2157 |  21.3 |      29 |      10 |  25.6
       D:14 |   10476 |    2314 |  18.1 |      32 |       2 |   5.9
       D:15 |    7785 |    9626 |  55.3 |      23 |      27 |  54.0
     Lair:1 |    1811 |    1010 |  35.8 |      12 |       2 |  14.3
     Lair:2 |    5014 |    1211 |  19.5 |      22 |       2 |   8.3
     Lair:3 |    4822 |       0 |   0.0 |      18 |       0 |   0.0
     Lair:4 |    2936 |    4023 |  57.8 |      10 |      12 |  54.5
     Lair:5 |    2843 |    2215 |  43.8 |      12 |       5 |  29.4
     Lair:6 |    9171 |   11104 |  54.8 |      29 |      33 |  53.2
    Swamp:1 |    8303 |    3132 |  27.4 |      20 |       1 |   4.8
    Swamp:2 |    8986 |    1617 |  15.3 |      25 |       1 |   3.8
    Swamp:3 |    7470 |    1553 |  17.2 |      33 |       1 |   2.9
    Swamp:4 |   10579 |   19007 |  64.2 |      23 |      30 |  56.6
   Spider:1 |   22183 |   19201 |  46.4 |      59 |      82 |  58.2
   Spider:2 |   12617 |    1370 |   9.8 |      41 |       6 |  12.8
   Spider:3 |    4213 |       0 |   0.0 |      12 |       0 |   0.0
   Spider:4 |   16271 |   22966 |  58.5 |      38 |      41 |  51.9
      Orc:1 |     597 |     518 |  46.5 |      10 |      16 |  61.5
      Orc:2 |       0 |   21016 | 100.0 |       0 |     152 | 100.0
   Vaults:1 |    2129 |     929 |  30.4 |       3 |       1 |  25.0
     Bailey |       0 |    3654 | 100.0 |       0 |      40 | 100.0
    Volcano |       0 |    5654 | 100.0 |       0 |      10 | 100.0
   Gauntlet |       0 |    3317 | 100.0 |       0 |       9 | 100.0
            +---------+---------+-------+---------+---------+-------
